 Dungeon Crawl Stone Soup version 0.26.1-11-gd32895ea62 (webtiles) character file.

Game seed: 17862420518725366902

443 Exodus22XD the Chopper (level 7, -4/60 HPs)
             Began as a Hill Orc Monk on Apr 27, 2021.
             Slain by Prince Ribbit (13 damage)
             ... on level 5 of the Dungeon.
             The game lasted 00:04:16 (4683 turns).

Exodus22XD the Chopper (Hill Orc Monk)              Turns: 4683, Time: 00:04:17

Health: -4/60      AC:  9    Str: 22    XL:     7   Next: 2%
Magic:  7/7        EV:  9    Int: 10    God:
Gold:   214        SH: 10    Dex: 13    Spells: 6/6 levels left

rFire    + . .     SeeInvis .   a - +0 hand axe
rCold    x . .     Faith    .   l - +0 kite shield
rNeg     . . .     Spirit   .   m - +4 ring mail
rPois    .         Reflect  .   (no helmet)
rElec    .         Harm     .   (no cloak)
rCorr    .         Rampage  .   (no gloves)
Will     .....                  (no boots)
Stlth    +.........             (no amulet)
HPRegen  0.20/turn              t - ring of fire
MPRegen  0.10/turn              s - +6 ring of strength

@: hasted, very quick
A: no striking features
a: no special abilities


You were on level 5 of the Dungeon.
You visited 1 branch of the dungeon, and saw 5 of its levels.

You collected 214 gold pieces.

Inventory:

Hand Weapons
 a - a +0 hand axe (weapon)
Armour
 l - a +0 kite shield (worn)
 m - a +4 ring mail (worn)
Jewellery
 p - an uncursed ring of ice
 s - a +6 ring of strength (right hand)
 t - a ring of fire (left hand)
Wands
 u - a wand of polymorph (12)
Scrolls
 f - 4 scrolls of identify {unknown}
 g - 3 scrolls of teleportation {unknown}
 h - a scroll of amnesia {unknown}
 i - 2 scrolls of random uselessness {unknown}
 j - 4 scrolls of remove curse {unknown}
 k - 2 scrolls of magic mapping {unknown}
 o - 2 scrolls of fear {unknown}
 r - 2 scrolls of enchant weapon {unknown}
Potions
 b - a potion of resistance {unknown}
 c - 2 potions of magic
 d - 2 potions of haste
 e - a potion of might {unknown}
 q - a potion of degeneration {unknown}
 v - a potion of brilliance {unknown}


   Skills:
 + Level 4.5 Fighting
 + Level 6.3 Axes
 * Level 4.1 Armour
 - Level 2.4 Dodging
 - Level 1.5 Stealth
 * Level 3.8 Shields


You had 6 spell levels left.
You didn't know any spells.
Your spell library was empty.

Dungeon Overview and Level Annotations

Branches:
Dungeon (5/15)
 Temple: D:4-7

Altars:

Annotations:
D:3 1 runed translucent door, danmikkh's ghost, amateur SpEn
D:5 1 runed translucent door, Prince Ribbit; Revguard's ghost, novice OgTm


Message History

Prince Ribbit is almost dead.
You block Prince Ribbit's attack.
You barely miss Prince Ribbit.
Prince Ribbit is almost dead.
Prince Ribbit hits you but does no damage.
You miss Prince Ribbit.
Prince Ribbit is almost dead.
Prince Ribbit blinks!
You hit Prince Ribbit.
Prince Ribbit is almost dead.
Prince Ribbit barely misses you.
You hit Prince Ribbit but do no damage.
Prince Ribbit is almost dead.
You block Prince Ribbit's attack.
You miss Prince Ribbit.
Prince Ribbit is almost dead.
You hit Prince Ribbit but do no damage.
Prince Ribbit is almost dead.
Prince Ribbit hits you!
You die...

## .## #.# #.##. #.
... #.###.#.. #. ..#
#........ #. #.#
####.#..# #.####.##[#
#.#..## #.........#
##..##. ##.###.####
##.##..
####..F##.######..#W.!
+....@............##..
####.!.##.######...##.
##.###.# #....## ###
#.# #..#..# #.#
#..##.. #.# #..##.#
..# #...... .# #####.#
#.#


You could see Prince Ribbit.

Vanquished Creatures
  A bullfrog (D:5)
  A bullfrog zombie (D:5)
  3 hounds (D:5)
  An orc wizard (D:4)
  An iguana (D:4)
  A worker ant (D:4)
  A killer bee zombie (D:5)
  A mummy (D:4)
  4 adders
  3 gnolls
  A white imp (D:5)
  An ooze (D:2)
  3 worms
  A leopard gecko (D:2)
  4 orcs
  A giant cockroach (D:2)
  8 goblins
  6 hobgoblins
  4 jackals (D:3)
  5 quokkas
  A ball python skeleton (D:4)
  6 bats
  6 frilled lizards
  4 kobolds
  3 kobold zombies (D:4)
  A leopard gecko zombie (D:5)
  An orc zombie (D:4)
  3 rats
76 creatures vanquished.

Notes
Turn   | Place    | Note
-------+----------+-------------------------------------------
     0 | D:1      | Exodus22XD the Hill Orc Monk began the quest for the Orb.
     0 | D:1      | Reached XP level 1. HP: 19/19 MP: 1/1
   201 | D:1      | Reached XP level 2. HP: 19/27 MP: 2/2
   998 | D:2      | Reached skill level 1 in Armour
   998 | D:2      | Reached XP level 3. HP: 18/33 MP: 3/3
  1737 | D:3      | Reached skill level 5 in Axes
  1747 | D:3      | Reached skill level 1 in Shields
  1862 | D:3      | Reached XP level 4. HP: 38/40 MP: 4/4
  2483 | D:3      | Found a runed translucent door.
  2485 | D:3      | Noticed danmikkh's ghost (amateur SpEn)
  2602 | D:4      | Reached XP level 5. HP: 22/46 MP: 5/5
  3583 | D:5      | Entered Level 5 of the Dungeon
  3662 | D:5      | Reached skill level 6 in Axes
  3662 | D:5      | Reached XP level 6. HP: 44/53 MP: 6/6
  4405 | D:5      | Noticed Revguard's ghost (novice OgTm)
  4504 | D:5      | Reached XP level 7. HP: 46/60 MP: 7/7
  4574 | D:5      | Found a runed translucent door.
  4633 | D:5      | Noticed Prince Ribbit
  4670 | D:5      | HP: 3/60 [Prince Ribbit (15)]
  4683 | D:5      | Slain by Prince Ribbit

Illustrated notes

Levels and vault maps discovered:
D:1:      amcnicky_arrival_underground_garden, layout_basic
D:2:      layout_rooms, serial_corexii_hall, corexii_hall_statues_i,
          corexii_hall_statues_x
D:3:      layout_basic, ebering_ghost_reflecting_pool
D:4:      layout_cave_pools, moated_statue, minmay_mini_ossuary
D:5:      layout_loops_corners, hellmonk_ghost_happy_afterlife, uniq_eustachio,
          uniq_prince_ribbit1

Skill      XL: |  1  2  3  4  5  6 |
---------------+-------------------+-----
Fighting       | 4 |  4.5
Armour         | 1 2 3 4 |  4.1
Axes           | 5 6 |  6.3
Shields        | 1 3 |  3.8
Dodging        | |  2.4
Stealth        | |  1.5

Action                   |  1- 3 |  4- 6 |  7- 9 || total
-------------------------+-------+-------+-------++-------
Melee: Hand axe          |   124 |   225 |    34 ||   383
  Use: Potion            |       |       |     4 ||     4
 Stab: Sleeping          |     1 |     1 |       ||     2
Armor: Robe              |     5 |       |       ||     5
       Ring mail         |    49 |    95 |     3 ||   147
Dodge: Dodged            |    60 |   108 |     6 ||   174
Block: Kite shield       |    33 |   140 |    15 ||   188
